MID
CLINTON LUMBERKINGS @ BELOIT SNAPPERS
09/01/2047
 
TOP OF THE 1ST
Clinton LumberKings batting - Pitching for Beloit Snappers : RHP Terry Evans
Pitching: RHP Terry Evans
Batting: RHB Julian Gregory 0-0: Ground out 6-3 (Groundball, 56, EV 85.0 MPH)
Batting: SHB Ray Skogen 0-0: Ground out U3 (Groundball, 3L, EV 110.0 MPH)
Batting: RHB Adan Lake 0-0: SINGLE (Groundball, 6MD, EV 98.1 MPH)
Batting: LHB Jason Kinney 0-0: Ball
1-0: Ball
2-0: Called Strike
2-1: Swinging Strike
2-2: DOUBLE (Flyball, 89D, EV 93.1 MPH)
Adan Lake to third
Runner from 3rd tries for Home, SAFE, throw by RF to trailing runner, SAFE at third!
Batting: RHB Doug Carter 0-0: Swinging Strike
0-1: Called Strike
0-2: Strikes out swinging
Top of the 1st over - 1 run, 2 hits, 0 errors, 1 left on base; Clinton 1 - Beloit 0
BOTTOM OF THE 1ST
Beloit Snappers batting - Pitching for Clinton LumberKings : RHP Frank Kats
Pitching: RHP Frank Kats
Batting: LHB Jeremy Brammer 0-0: Ball
1-0: Ground out 3-1 (Groundball, 34, EV 82.5 MPH)
Batting: RHB Roger Simmons 0-0: Called Strike
0-1: Ball
1-1: Fly out, F3 (Line Drive, 3, EV 74.4 MPH)
Batting: LHB Fred Arends 0-0: Foul Ball, location: 2F
0-1: Ball
1-1: Ball
2-1: Foul Ball, location: 2F
2-2: Strikes out swinging
Bottom of the 1st over - 0 runs, 0 hits, 0 errors, 0 left on base; Clinton 1 - Beloit 0
TOP OF THE 2ND
Clinton LumberKings batting - Pitching for Beloit Snappers : RHP Terry Evans
Batting: RHB Heihachiro Fujita 0-0: Ball
1-0: Foul Ball, location: 2F
1-1: DOUBLE (Line Drive, 7LD, EV 110.6 MPH)
Batting: RHB Egidius Kruger 0-0: Ball
1-0: Ball
2-0: Ball
3-0: Called Strike
3-1: Base on Balls
Batting: RHB Bryan Shuller 0-0: Called Strike
0-1: Foul Ball, location: 2F
0-2: Strikes out swinging
Batting: RHB David Greene 0-0: Fielders Choice at 2nd, 1-4 (Groundball, 25, EV 63.8 MPH)
Heihachiro Fujita to third
Batting: RHB Julian Gregory 0-0: Ball
1-0: Foul Ball, location: 2F
1-1: Ball
2-1: Ball
3-1: Fly out, F7 (Line Drive, 7, EV 92.5 MPH)
Top of the 2nd over - 0 runs, 1 hit, 0 errors, 2 left on base; Clinton 1 - Beloit 0
BOTTOM OF THE 2ND
Beloit Snappers batting - Pitching for Clinton LumberKings : RHP Frank Kats
Batting: RHB Shannon Beck 0-0: Ball
1-0: Ball
2-0: Ground out 5-3 (Groundball, 5, EV 88.8 MPH)
Batting: RHB Manny Moron 0-0: Called Strike
0-1: Ball
1-1: Called Strike
1-2: DOUBLE (Line Drive, 9LS, EV 103.8 MPH)
Batting: RHB Gojko Golob 0-0: Ball
1-0: Ball
2-0: Foul Ball, location: 2F
2-1: Ball
3-1: Swinging Strike
3-2: Strikes out swinging
Batting: RHB Jamie Jennings 0-0: Foul Ball, location: 2F
0-1: Fly out, F7 (Line Drive, 7D, EV 96.2 MPH)
Bottom of the 2nd over - 0 runs, 1 hit, 0 errors, 1 left on base; Clinton 1 - Beloit 0
TOP OF THE 3RD
Clinton LumberKings batting - Pitching for Beloit Snappers : RHP Terry Evans
Batting: SHB Ray Skogen 0-0: Ball
1-0: Fly out, F8 (Flyball, 8RM, EV 84.4 MPH)
Batting: RHB Adan Lake 0-0: Called Strike
0-1: Foul Ball, location: 2F
0-2: Ball
1-2: Foul Ball, location: 2F
1-2: Ball
2-2: Ball
3-2: SINGLE (Groundball, 4MD, EV 98.8 MPH)
Batting: LHB Jason Kinney 0-0: Foul Ball, location: 2F
0-1: Ball
1-1: Swinging Strike
1-2: Ball
2-2: Ball
3-2: Strikes out swinging
Batting: RHB Doug Carter 0-0: Ball
1-0: Ball
2-0: Foul Ball, location: 2F
2-1: Fly out, F7 (Flyball, 78M, EV 84.4 MPH)
Top of the 3rd over - 0 runs, 1 hit, 0 errors, 1 left on base; Clinton 1 - Beloit 0
BOTTOM OF THE 3RD
Beloit Snappers batting - Pitching for Clinton LumberKings : RHP Frank Kats
Batting: RHB Josh Mauer 0-0: Called Strike
0-1: Ground out 6-3 (Groundball, 6, EV 86.9 MPH)
Batting: RHB Alfredo Lemus 0-0: Called Strike
0-1: Foul Ball, location: 2F
0-2: Ball
1-2: Ball
2-2: Foul Ball, location: 2F
2-2: Fly out, F6 (Popup, 56D, EV 58.1 MPH)
Batting: LHB Jeremy Brammer 0-0: Called Strike
0-1: Ball
1-1: Called Strike
1-2: Ball
2-2: Ground out 4-3 (Groundball, 4, EV 100.0 MPH)
Bottom of the 3rd over - 0 runs, 0 hits, 0 errors, 0 left on base; Clinton 1 - Beloit 0
TOP OF THE 4TH
Clinton LumberKings batting - Pitching for Beloit Snappers : RHP Terry Evans
Batting: RHB Heihachiro Fujita 0-0: Ball
1-0: Swinging Strike
1-1: Foul Ball, location: 2F
1-2: Ball
2-2: Strikes out swinging
Batting: RHB Egidius Kruger 0-0: Ball
1-0: Ball
2-0: Called Strike
2-1: Foul Ball, location: 2F
2-2: Ground out 6-3 (Groundball, 6, EV 104.4 MPH)
Batting: RHB Bryan Shuller 0-0: Swinging Strike
0-1: Foul Ball, location: 2F
0-2: Ball
1-2: Ball
2-2: Strikes out looking
Top of the 4th over - 0 runs, 0 hits, 0 errors, 0 left on base; Clinton 1 - Beloit 0
BOTTOM OF THE 4TH
Beloit Snappers batting - Pitching for Clinton LumberKings : RHP Frank Kats
Batting: RHB Roger Simmons 0-0: DOUBLE (Flyball, 8RXD, EV 110.0 MPH)
Batting: LHB Fred Arends 0-0: Ground out 6-3 (Groundball, 6, EV 100.6 MPH)
Batting: RHB Shannon Beck 0-0: Ball
1-0: Swinging Strike
1-1: Foul Ball, location: 2F
1-2: Foul Ball, location: 2F
1-2: Ball
2-2: Ball
3-2: Ground out 4-3 (Groundball, 4, EV 102.5 MPH)
Roger Simmons to third
Batting: RHB Manny Moron 0-0: Ball
1-0: Called Strike
1-1: Foul Ball, location: 2F
1-2: Ground out 6-3 (Groundball, 6, EV 83.1 MPH)
Bottom of the 4th over - 0 runs, 1 hit, 0 errors, 1 left on base; Clinton 1 - Beloit 0
TOP OF THE 5TH
Clinton LumberKings batting - Pitching for Beloit Snappers : RHP Terry Evans
Batting: RHB David Greene 0-0: Ball
1-0: Ball
2-0: Ground out 6-3 (Groundball, 6, EV 101.2 MPH)
Batting: RHB Julian Gregory 0-0: Ball
1-0: SINGLE (Groundball, P, EV 97.5 MPH)
Batting: SHB Ray Skogen 0-0: Called Strike
0-1: Fielders Choice at 2nd, 4-6 (Groundball, 4, EV 87.5 MPH)
Batting: RHB Adan Lake 0-0: Ball
1-0: Called Strike
Ray Skogen is caught stealing 2nd base 2-4
Top of the 5th over - 0 runs, 1 hit, 0 errors, 0 left on base; Clinton 1 - Beloit 0
BOTTOM OF THE 5TH
Beloit Snappers batting - Pitching for Clinton LumberKings : RHP Frank Kats
Batting: RHB Gojko Golob 0-0: Called Strike
0-1: Swinging Strike
0-2: Strikes out swinging
Batting: RHB Jamie Jennings 0-0: Ball
1-0: Called Strike
1-1: Ground out 4-3 (Groundball, 4, EV 99.4 MPH)
Batting: RHB Josh Mauer 0-0: Foul Ball, location: 2F
0-1: Ball
1-1: Called Strike
1-2: Foul Ball, location: 2F
1-2: Strikes out looking
Bottom of the 5th over - 0 runs, 0 hits, 0 errors, 0 left on base; Clinton 1 - Beloit 0
TOP OF THE 6TH
Clinton LumberKings batting - Pitching for Beloit Snappers : RHP Terry Evans
Batting: RHB Adan Lake 0-0: Ball
1-0: Called Strike
1-1: Foul Ball, location: 2F
1-2: Ground out 1-3 (Groundball, 25, EV 68.1 MPH)
Batting: LHB Jason Kinney 0-0: Foul Ball, location: 2F
0-1: Swinging Strike
0-2: Ball
1-2: Foul Ball, location: 2F
1-2: Strikes out swinging
Batting: RHB Doug Carter 0-0: Ball
1-0: Called Strike
1-1: Ball
2-1: SINGLE (Groundball, 6MS, EV 67.5 MPH) (infield hit)
Batting: RHB Heihachiro Fujita 0-0: Ball
1-0: Called Strike
Doug Carter steals 2nd base
1-1: Called Strike
1-2: Strikes out swinging
Top of the 6th over - 0 runs, 1 hit, 0 errors, 1 left on base; Clinton 1 - Beloit 0
BOTTOM OF THE 6TH
Beloit Snappers batting - Pitching for Clinton LumberKings : RHP Frank Kats
Batting: RHB Alfredo Lemus 0-0: Ball
1-0: Ball
2-0: Ground out 6-3 (Groundball, 6M, EV 86.9 MPH)
Batting: LHB Jeremy Brammer 0-0: Called Strike
0-1: Foul Ball, location: 2F
0-2: Ball
1-2: Ball
2-2: Fly out, F9 (Flyball, 89S, EV 85.0 MPH)
Batting: RHB Roger Simmons 0-0: SINGLE (Groundball, 6MD, EV 105.0 MPH)
Batting: LHB Fred Arends 0-0: Foul Ball, location: 2F
0-1: Ball
1-1: Ball
2-1: Ball
3-1: Base on Balls
Roger Simmons to second
Batting: RHB Shannon Beck 0-0: Ball
1-0: Ball
2-0: Foul Ball, location: 2F
2-1: Called Strike
2-2: Ball
3-2: Base on Balls
Roger Simmons to third
Fred Arends to second
Pitching: RHP Raul Lopez
Batting: RHB Manny Moron 0-0: Fielders Choice at 2nd, 5-4 (Groundball, 56, EV 83.1 MPH)
Bottom of the 6th over - 0 runs, 1 hit, 0 errors, 3 left on base; Clinton 1 - Beloit 0
TOP OF THE 7TH
Clinton LumberKings batting - Pitching for Beloit Snappers : RHP Terry Evans
Batting: RHB Egidius Kruger 0-0: Ball
1-0: Ground out 6-3 (Groundball, 56, EV 83.8 MPH)
Batting: RHB Bryan Shuller 0-0: Called Strike
0-1: Swinging Strike
0-2: Ball
1-2: Ball
2-2: Ball
3-2: Strikes out swinging
Batting: RHB David Greene 0-0: Ball
1-0: Ball
2-0: Ground out 6-3 (Groundball, 6, EV 80.6 MPH)
Top of the 7th over - 0 runs, 0 hits, 0 errors, 0 left on base; Clinton 1 - Beloit 0
BOTTOM OF THE 7TH
Beloit Snappers batting - Pitching for Clinton LumberKings : RHP Raul Lopez
Batting: RHB Gojko Golob 0-0: Swinging Strike
0-1: Swinging Strike
0-2: Ball
1-2: Strikes out swinging
Batting: RHB Jamie Jennings 0-0: Ball
1-0: Fly out, F7 (Flyball, 7, EV 91.9 MPH)
Batting: RHB Josh Mauer 0-0: Ball
1-0: Called Strike
1-1: Ball
2-1: Fly out, F8 (Flyball, 89M, EV 95.0 MPH)
Bottom of the 7th over - 0 runs, 0 hits, 0 errors, 0 left on base; Clinton 1 - Beloit 0
TOP OF THE 8TH
Clinton LumberKings batting - Pitching for Beloit Snappers : RHP Terry Evans
Pitching: RHP Ben Jennings
Batting: RHB Julian Gregory 0-0: Ball
1-0: Foul Ball, location: 2F
1-1: Ground out 3-1 (Groundball, 34S, EV 85.0 MPH)
Batting: SHB Ray Skogen 0-0: Called Strike
0-1: Swinging Strike
0-2: Ball
1-2: Ball
2-2: Foul Ball, location: 2F
2-2: Foul Ball, location: 2F
2-2: Ball
3-2: Fly out, F8 (Flyball, 8LM, EV 89.4 MPH)
Batting: RHB Adan Lake 0-0: Called Strike
0-1: Ball
1-1: Ball
2-1: Swinging Strike
2-2: Strikes out looking
Top of the 8th over - 0 runs, 0 hits, 0 errors, 0 left on base; Clinton 1 - Beloit 0
BOTTOM OF THE 8TH
Beloit Snappers batting - Pitching for Clinton LumberKings : RHP Raul Lopez
Batting: RHB Alfredo Lemus 0-0: Ball
1-0: Ball
2-0: Ball
3-0: Called Strike
3-1: Foul Ball, location: 2F
3-2: Foul Ball, location: 2F
3-2: DOUBLE (Flyball, 78XD, EV 95.0 MPH)
Pitching: RHP Bob Gilliam
Batting: LHB Jeremy Brammer 0-0: Swinging Strike
0-1: Called Strike
0-2: Strikes out looking
Batting: RHB Roger Simmons 0-0: Swinging Strike
0-1: Swinging Strike
0-2: Foul Ball, location: 2F
0-2: Ground out 4-3 (Groundball, 4D, EV 106.2 MPH)
Alfredo Lemus to third
Batting: LHB Fred Arends 0-0: Foul Ball, location: 2F
0-1: Swinging Strike
0-2: Strikes out looking
Bottom of the 8th over - 0 runs, 1 hit, 0 errors, 1 left on base; Clinton 1 - Beloit 0
TOP OF THE 9TH
Clinton LumberKings batting - Pitching for Beloit Snappers : RHP Ben Jennings
Pitching: LHP Doug Axelsen
Pinch Hitting: RHB Hideo Okimura 0-0: Ground out 6-3 (Groundball, 6, EV 85.0 MPH)
Batting: RHB Doug Carter 0-0: Called Strike
0-1: Ball
1-1: Ground out 3-1 (Groundball, 34, EV 96.9 MPH)
Batting: RHB Heihachiro Fujita 0-0: Foul Ball, location: 2F
0-1: Ball
1-1: Swinging Strike
1-2: Foul Ball, location: 2F
1-2: DOUBLE (Flyball, 8LXD, EV 101.9 MPH)
Batting: RHB Egidius Kruger 0-0: Ball
1-0: Swinging Strike
1-1: Swinging Strike
1-2: Strikes out swinging
Top of the 9th over - 0 runs, 1 hit, 0 errors, 1 left on base; Clinton 1 - Beloit 0
BOTTOM OF THE 9TH
Beloit Snappers batting - Pitching for Clinton LumberKings : RHP Bob Gilliam
Pitching: RHP Kieran Easton
Now at 3B: Rich Justice
Batting: RHB Shannon Beck 0-0: Ball
1-0: Ball
2-0: Called Strike
2-1: Foul Ball, location: 2F
2-2: Foul Ball, location: 2F
2-2: Strikes out swinging
Pinch Hitting: SHB Ivan Barry 0-0: Swinging Strike
0-1: Ball
1-1: Fly out, F9 (Flyball, 9, EV 74.4 MPH)
Batting: RHB Gojko Golob 0-0: Foul Ball, location: 2F
0-1: Fly out, F4 (Popup, 34S, EV 80.6 MPH)
Bottom of the 9th over - 0 runs, 0 hits, 0 errors, 0 left on base; Clinton 1 - Beloit 0
Thursday, December 15th , 2022 - OOTP Baseball 23.9 Build 102